 Dungeon Crawl Stone Soup version 0.29.1-2-gbd0b4ee654 (webtiles) character file.

Game seed: 17288012566552777771

203 safid the Shooter (level 5, -10/48 HPs)
             Began as a Minotaur Hunter on Nov 17, 2022.
             Mangled by an ogre
             ... wielding a +0 giant club
              (14 damage)
             ... on level 4 of the Dungeon.
             The game lasted 00:03:05 (2646 turns).

safid the Shooter (Minotaur Hunter)                 Turns: 2646, Time: 00:03:05

Health: -10/48     AC:  3    Str: 16    XL:     5   Next: 51%
Magic:  4/4        EV: 12    Int:  6    God:
Gold:   80         SH:  0    Dex: 15    Spells: 4/4 levels left

rFire   . . .      SeeInvis .   a - +0 shortbow
rCold   . . .      Faith    .   (shield currently unavailable)
rNeg    . . .      Spirit   .   c - +0 leather armour
rPois   .          Reflect  .   q - +0 hat
rElec   .          Harm     .   (no cloak)
rCorr   .          Rampage  .   (no gloves)
Will    .....                   (no boots)
Stlth   +.........              (no amulet)
HPRegen 0.16/turn               (no ring)
MPRegen 0.09/turn               (no ring)

@: no status effects
A: horns 2, retaliatory headbutt
a: no special abilities


You were on level 4 of the Dungeon.
You visited 1 branch of the dungeon, and saw 4 of its levels.

You collected 80 gold pieces.

Inventory:

Hand Weapons
 a - a +0 shortbow (weapon)
Armour
 c - a +0 leather armour (worn)
 q - a +0 hat (worn)
Wands
 j - a wand of mindburst (13)
 m - a wand of iceblast (7)
 u - a wand of digging (8)
Scrolls
 b - 4 scrolls of immolation
 f - 2 scrolls of identify {unknown}
 g - a scroll of torment {unknown}
 k - a scroll of butterflies {unknown}
 s - a scroll of enchant weapon {unknown}
Potions
 d - a potion of mutation {unknown}
 e - a potion of resistance {unknown}
 h - a potion of magic {unknown}
 i - 3 potions of curing
 l - a potion of might {unknown}
 n - a potion of haste {unknown}
 o - a potion of degeneration {unknown}
 p - 2 potions of brilliance {unknown}
 r - a potion of berserk rage {unknown}
 t - 5 potions of lignification {unknown}


   Skills:
 + Level 5.2 Fighting
 + Level 6.1 Ranged Weapons
 - Level 2.1 Dodging
 - Level 0.7 Stealth


You had 4 spell levels left.
You didn't know any spells.
Your spell library was empty.

Dungeon Overview and Level Annotations

Branches:
Dungeon (4/15)
 Temple: D:4-7

Altars:
Dithmenos
Hepliaklqana
Vehumet

Shops:
D:3 *


Innate Abilities, Weirdness & Mutations

You have a pair of horns on your head.
You reflexively headbutt those who attack you in melee.


Message History

You shoot an arrow. The arrow hits the adder.
The adder is heavily wounded.
The adder closely misses you.
You shoot an arrow. The arrow barely misses the adder.
The adder bites you. The adder barely misses you. You furiously retaliate!
You headbutt the adder!
You kill the adder!
You shoot an arrow. The arrow closely misses the ogre.
The ogre closely misses you.
You shoot an arrow.
The arrow hits the ogre but does no damage.
The ogre closely misses you. You furiously retaliate!
You headbutt the ogre, but do no damage.
You shoot an arrow. The arrow barely misses the ogre.
You shoot an arrow. The arrow hits the ogre!
The ogre is moderately wounded.
The ogre hits you with a +0 giant club!
Unknown command.
You shoot an arrow. The arrow barely misses the ogre.
The ogre hits you with a +0 giant club!!
* * * LOW HITPOINT WARNING * * *
You are too injured to fight recklessly!
Unknown command.
Fire: a) +0 shortbow
Press: ? - help, Q - select action, (/) - cycle Shift-Dir - straight line, f/p - ogre
Aim: an ogre, wielding a +0 giant club (moderately wounded, 77% to hit)
You shoot an arrow. The arrow hits the ogre!
The ogre is heavily wounded.
The ogre hits you with a +0 giant club!
* * * LOW HITPOINT WARNING * * *
Fire: a) +0 shortbow
Press: ? - help, Q - select action, (/) - cycle Shift-Dir - straight line, f/p - ogre
Aim: an ogre, wielding a +0 giant club (heavily wounded, 77% to hit)
You shoot an arrow. The arrow barely misses the ogre.
The ogre barely misses you. You furiously retaliate!
You headbutt the ogre.
Fire: a) +0 shortbow
Press: ? - help, Q - select action, (/) - cycle Shift-Dir - straight line, f/p - ogre
Aim: an ogre, wielding a +0 giant club (almost dead, 77% to hit)
You shoot an arrow. The arrow barely misses the ogre.
The ogre hits you with a +0 giant club!
You die...

.... #....#
........# #....#
.)......# #.<..#
..>.....# ###.)..#
.>......# #......#
........####.#....#
.........#........#
..........†..######
#####..@..##
##†##O.#
#####..#.)####
#............#
#.......#....#
#......O#.####
#.........#
##........##
#.........#


You could see an ogre.

Vanquished Creatures
  Natasha (thrice) (D:2)
  3 adders
  3 gnolls (D:3)
  An ufetubus (D:4)
  7 orcs
  5 ball pythons
  6 endoplasms
  5 giant cockroaches
  3 goblins
  6 hobgoblins
  6 kobolds
  2 quokkas
  3 bats
  3 frilled lizards
  4 rats
60 creatures vanquished.

Notes
Turn   | Place    | Note
-------+----------+-------------------------------------------
     0 | D:1      | safid the Minotaur Hunter began the quest for the Orb.
     0 | D:1      | Reached XP level 1. HP: 18/18 MP: 0/0
   310 | D:1      | Reached XP level 2. HP: 26/26 MP: 1/1
   806 | D:2      | Found a hazy altar of Hepliaklqana.
   885 | D:2      | Reached XP level 3. HP: 31/31 MP: 2/2
   905 | D:2      | Reached skill level 5 in Ranged Weapons
   941 | D:2      | Noticed Natasha
   954 | D:2      | Killed Natasha
   998 | D:2      | Noticed Natasha
  1001 | D:2      | Killed Natasha
  1002 | D:2      | Reached XP level 4. HP: 28/40 MP: 3/3
  1306 | D:2      | Found a faded altar of an unknown god.
  1415 | D:2      | Noticed Natasha
  1420 | D:2      | Killed Natasha
  1591 | D:3      | Found a radiant altar of Vehumet.
  1611 | D:3      | Found Biadeo Kemi's Assorted Antiques.
  1761 | D:3      | Found a shadowy altar of Dithmenos.
  1792 | D:3      | Reached XP level 5. HP: 24/47 MP: 4/4
  2467 | D:4      | Reached skill level 5 in Fighting
  2467 | D:4      | Reached skill level 6 in Ranged Weapons
  2622 | D:4      | Noticed an ogre
  2646 | D:4      | Mangled by an ogre

Illustrated notes

Levels and vault maps discovered:
D:1:      dpeg_arrival_connections, layout_basic, kennysheep_another_room
D:2:      layout_loops_cross, basic_altar,
          hellmonk_ecumenical_altar_slurped_away, chequers_serial_rivers_room_b,
          uniq_natasha
D:3:      layout_loops_cross, nicolae_dithmenos_the_darkroom,
          nicolae_vehumet_altar_sigil, serial_shops,
          nicolae_shop_competitors_out_of_business, glass_columns_b,
          kennysheep_generic_room_13
D:4:      layout_rooms, minmay_temple_entry_antechambers,
          nicolae_figureground_sparkle, uniq_ijyb, uniq_eustachio, uniq_pikel,
          uniq_crazy_yiuf_cottage

Skill      XL: |  1  2  3  4  5 |
---------------+----------------+-----
Fighting       | 3 4 5 |  5.2
Ranged Weapons | 5 6 |  6.1
Dodging        | |  2.1
Stealth        | |  0.7

Action                   |  1- 3 |  4- 6 || total
-------------------------+-------+-------++-------
 Fire: Shortbow          |    54 |   134 ||   188
Armor: Leather armour    |     8 |     9 ||    17
Dodge: Dodged            |     7 |    38 ||    45
